 Dungeon Sprint DCSS version 0.24.0-13-gcf9b319 (webtiles) character file.

Game seed: 3335375549728424118, levelgen mode: deterministic

7 operationiv the Conjurer (level 2, 0/39 HPs)
             Began as a Gnoll Wanderer on Nov 15, 2019.
             Slain by a worker ant (1 damage)
             ... in the Dungeon (Sprint IX: "|||||||||||||||||||||||||||||").
             The game lasted 00:00:27 (34 turns).

operationiv the Conjurer (Gnoll Wanderer)             Turns: 34, Time: 00:00:28

Health: 0/39       AC:  5    Str: 19    XL:     2   Next: 0%
Magic:  5/5        EV: 11    Int: 12    God:
Gold:   0          SH:  0    Dex: 16    Spells: 5/6 levels left

rFire    . . .     SeeInvis .   a - +2 hand crossbow
rCold    . . .     Gourm    .   (no shield)
rNeg     . . .     Faith    .   c - +0 ring mail
rPois    .         Spirit   .   (no helmet)
rElec    .         Reflect  .   (no cloak)
rCorr    .         Harm     .   (no gloves)
MR       .....     NoTele   +   (no boots)
Stlth    ..........             (no amulet)
HPRegen  0.13/turn              (no ring)
MPRegen  0.09/turn              (no ring)

@: berserking, lethally poisoned (0 -> -23), very quick
A: distributed training, fangs 1, strong nose
a: no special abilities


You were in the Dungeon.
You were not hungry.

You visited 1 branch

Inventory:

Hand Weapons
 a - a +2 hand crossbow (weapon)
Missiles
 b - 22 bolts (quivered)
Armour
 c - a +0 ring mail (worn)
Scrolls
 k - a scroll of blinking {!r}
Potions
 e - a potion of curing
 g - a potion of heal wounds
 h - a potion of haste
 i - 2 potions of magic
Comestibles
 d - 5 chunks of flesh {@w0}
 f - a ration


   Skills:
 + Level 4.6 Fighting
 + Level 1.0 Short Blades
 + Level 1.0 Long Blades
 + Level 1.0 Axes
 + Level 1.0 Maces & Flails
 + Level 1.0 Polearms
 + Level 1.0 Staves
 + Level 1.0 Slings
 + Level 1.0 Bows
 + Level 2.7 Crossbows
 + Level 1.0 Throwing
 + Level 1.0 Armour
 + Level 1.0 Dodging
 + Level 2.5 Stealth
 + Level 2.7 Shields
 + Level 1.0 Unarmed Combat
 + Level 2.9 Spellcasting
 + Level 5.4 Conjurations
 + Level 0.7 Hexes
 + Level 0.7 Charms
 + Level 0.7 Summonings
 + Level 2.2 Necromancy
 + Level 0.7 Translocations
 + Level 0.7 Transmutations
 + Level 0.7 Fire Magic
 + Level 0.7 Ice Magic
 + Level 0.7 Air Magic
 + Level 0.7 Earth Magic
 + Level 0.7 Poison Magic
 + Level 1.1 Invocations
 + Level 1.0 Evocations


You had 5 spell levels left.
You knew the following spells:

 Your Spells              Type           Power        Failure   Level  Hunger
a - Pain                  Necr           #...         17%         1    #......

Your spell library contained the following spells:

 Spells                   Type           Power        Failure   Level  Hunger
 Vampiric Draining        Necr           #.........   45%         3    ###....


Dungeon Overview and Level Annotations

Branches:
Dungeon (1/1)

Altars:


Innate Abilities, Weirdness & Mutations

Your experience applies equally to all skills.
You have very sharp teeth.
Your uncanny sense of smell can sniff out nearby items.


Message History

The bolt hits the frilled lizard!
You kill the frilled lizard!
Your Necromancy skill increases to level 2!
Firing (i - inventory)
b - 24 bolts (quivered)
Aim: a rat You shoot a bolt.
The bolt hits the rat.
You kill the rat!
Firing (i - inventory)
b - 23 bolts (quivered)
Aim: a hobgoblin You shoot a bolt.
The bolt hits the hobgoblin!
You kill the hobgoblin!
Firing (i - inventory)
b - 22 bolts (quivered)
Aim: a dart slug (clinging)
You shoot a bolt. The bolt hits the dart slug.
Firing (i - inventory)
b - 21 bolts (quivered)
Aim: a dart slug (heavily wounded, clinging)
You shoot a bolt. The bolt hits the dart slug!
You kill the dart slug!
Your Invocations skill increases to level 1!
Firing (i - inventory)
b - 20 bolts (quivered)
Aim: a goblin You shoot a bolt.
The bolt hits the goblin!
You kill the goblin!
Your Short Blades skill increases to level 1!
Your Long Blades skill increases to level 1!
Your Axes skill increases to level 1!
Your Maces & Flails skill increases to level 1!
Your Polearms skill increases to level 1!
Your Staves skill increases to level 1!
Your Slings skill increases to level 1!
Your Bows skill increases to level 1!
Your Throwing skill increases to level 1!
Your Armour skill increases to level 1!
Your Dodging skill increases to level 1!
Your Unarmed Combat skill increases to level 1!
Your Evocations skill increases to level 1!
You have reached level 2!
Health restored: 26; MP restored: 5
b - 21 bolts (gained 2)
Things that are here:
a goblin corpse; a rat corpse; a frilled lizard corpse
b - 23 bolts (gained 2)
You see here a dart slug corpse.
b - 24 bolts (gained 1)
You see here a dart slug corpse.
You butcher the dart slug corpse.
d - 2 chunks of flesh {@w0}
Things that are here:
a goblin corpse; a rat corpse; a frilled lizard corpse You butcher the goblin corpse.
d - 5 chunks of flesh {@w0} (gained 3)
Things that are here:
a goblin skeleton; a rat corpse; a frilled lizard corpse You open the door.
A worm and 4 worker ants come into view.
The worker ant twitches its antennae in your direction. x2
The worker ant bites you.
There is an open door here.
You take 5 damage, and have 21/26 hp.
Firing (i - inventory)
b - 24 bolts (quivered)
Aim: a worker ant You shoot a bolt.
The bolt barely misses the worker ant.
The bolt hits the worker ant!
The worker ant twitches its antennae in your direction.
The worker ant bites you.
You are poisoned.
The worker ant poisons you!
The worker ant waves its antennae.
The worker ant closely misses you.
You take 3 damage, and have 18/26 hp.
Firing (i - inventory)
b - 23 bolts (quivered)
Aim: a worker ant You shoot a bolt.
The bolt hits the worker ant.
You feel sick. The worker ant bites you!
You are lethally poisoned!
The worker ant poisons you! The worker ant bites you.
* * * LOW HITPOINT WARNING * * *
You are more poisoned.
The worker ant poisons you!
You take 12 damage, and have 6/26 hp.
MASSIVE DAMAGE!!
Really quaff
j - a potion of berserk rage {!q}?
Do you really want to go berserk while wielding your +2 hand crossbow?
A red film seems to cover your vision as you go berserk!
You feel yourself moving faster!
You feel mighty!
* * * LOW HITPOINT WARNING * * *
You feel sick. The worker ant bites you.
* * * LOW HITPOINT WARNING * * *
You are more poisoned.
The worker ant poisons you!
You now have 3/39 hp.
Really attack while wielding your +2 hand crossbow? [Y]es or [N]o only, please.
Really attack while wielding your +2 hand crossbow?
Okay, then.
Really attack while wielding your +2 hand crossbow?
Your ring mail prevents you from hitting the worker ant.
You bite the worker ant.
* * * LOW HITPOINT WARNING * * *
You feel sick. The worker ant bites you.
You die...

∆∆∆∆∆∆∆∆∆∆
▓▓▓▓▓▓▓▓▓▓▓▓▓▓▓▓▓▓
▓<...'÷....@aaawa+
▓▓▓▓▓▓▓▓▓▓▓▓▓▓▓▓▓▓


You could see a worm and 4 worker ants.

Vanquished Creatures
  A dart slug (D)
  A goblin (D)
  A hobgoblin (D)
  A frilled lizard (D)
  A rat (D)
5 creatures vanquished.

Notes
Turn   | Place    | Note
-------+----------+-------------------------------------------
     0 | D        | operationiv the Gnoll Wanderer began the quest for the Orb.
     0 | D        | operationiv set off with the following items: a +2 hand
                  | crossbow, 25 bolts, a +0 ring mail, a potion of curing, a
                  | ration, a potion of heal wounds, a potion of haste, 2
                  | potions of magic, a potion of berserk rage {!q}, a scroll
                  | of blinking {!r}; and the following spell memorised: Pain;
                  | and the following spells available to memorise: Vampiric
                  | Draining
     0 | D        | Reached XP level 1. HP: 20/20 MP: 4/4
     5 | D        | Reached skill level 2 in Necromancy
     9 | D        | Reached skill level 1 in Invocations
    10 | D        | Reached skill level 1 in Short Blades
    10 | D        | Reached skill level 1 in Long Blades
    10 | D        | Reached skill level 1 in Axes
    10 | D        | Reached skill level 1 in Maces & Flails
    10 | D        | Reached skill level 1 in Polearms
    10 | D        | Reached skill level 1 in Staves
    10 | D        | Reached skill level 1 in Slings
    10 | D        | Reached skill level 1 in Bows
    10 | D        | Reached skill level 1 in Throwing
    10 | D        | Reached skill level 1 in Armour
    10 | D        | Reached skill level 1 in Dodging
    10 | D        | Reached skill level 1 in Unarmed Combat
    10 | D        | Reached skill level 1 in Evocations
    10 | D        | Reached XP level 2. HP: 26/26 MP: 5/5
    32 | D        | HP: 6/26 [worker ant (4)]
    34 | D        | HP: 1/39 [poisoned by a worker ant]
    34 | D        | Slain by a worker ant

Levels and vault maps discovered:
D:        linesprint [early_d, line_temple, items_1, d_10, items_2, lair_1,
          lair_end, items_3, orc_1, orc_end, items_4, d_15, swamp_1, shoals_1,
          snake_1, spider_1, d_20, vaults_1, items_5, swamp_end, shoals_end,
          snake_end, spider_end, vaults_end, d_27, items_6, zot_1, zot_end,
          crypt_end, forest_end, elf_end, slime_end, tomb_end, abyss_end,
          pan_hell_end]

Skill      XL: |  1 |
---------------+----+-----
Necromancy     | 2 |  2.2
Invocations    | 1 |  1.1
Short Blades   | 1 |  1.0
Long Blades    | 1 |  1.0
Axes           | 1 |  1.0
Maces & Flails | 1 |  1.0
Polearms       | 1 |  1.0
Staves         | 1 |  1.0
Slings         | 1 |  1.0
Bows           | 1 |  1.0
Throwing       | 1 |  1.0
Armour         | 1 |  1.0
Dodging        | 1 |  1.0
Unarmed Combat | 1 |  1.0
Evocations     | 1 |  1.0
Fighting       | |  4.6
Crossbows      | |  2.7
Stealth        | |  2.5
Shields        | |  2.7
Spellcasting   | |  2.9
Conjurations   | |  5.4
Hexes          | |  0.7
Charms         | |  0.7
Summonings     | |  0.7
Translocations | |  0.7
Transmutations | |  0.7
Fire Magic     | |  0.7
Ice Magic      | |  0.7
Air Magic      | |  0.7
Earth Magic    | |  0.7
Poison Magic   | |  0.7

Action                   || total
-------------------------++-------
Melee: Hand crossbow     ||     1
       Bite              ||     1
 Fire: Hand crossbow     ||     8
  Use: Potion            ||     1
Dodge: Dodged            ||     2

Levels and vault maps discovered:
D:        linesprint [early_d, line_temple, items_1, d_10, items_2, lair_1,
          lair_end, items_3, orc_1, orc_end, items_4, d_15, swamp_1, shoals_1,
          snake_1, spider_1, d_20, vaults_1, items_5, swamp_end, shoals_end,
          snake_end, spider_end, vaults_end, d_27, items_6, zot_1, zot_end,
          crypt_end, forest_end, elf_end, slime_end, tomb_end, abyss_end,
          pan_hell_end]

Table legend:
 A = Turns spent in this place as a percentage of turns spent in the entire game.
 B = Non-inter-level travel turns spent in this place as a percentage of non-inter-level travel turns spent in the entire game.
 C = Inter-level travel turns spent in this place as a percentage of turns spent in this place.
 D = Turns resting spent in this place as a percentage of non-inter-level travel turns spent in this place.
 E = Turns spent auto-exploring this place as a percentage of non-inter-level travel turns spent in this place.
 F = Non-inter-level travel turns spent in this place divided by the number of levels of this place that you've seen.
                   A       B       C       D       E      F
               +-------+-------+-------+-------+-------+----------------------
         Total | 100.0 | 100.0 |   0.0 |   0.0 |   0.0 |  34.0
       Dungeon | 100.0 | 100.0 |   0.0 |   0.0 |   0.0 |  34.0
               +-------+-------+-------+-------+-------+----------------------

Table legend:
 A = Kills in this place as a percentage of kills in entire the game.
 B = Kills by you in this place as a percentage of kills by you in the entire game.
 C = Kills by friends in this place as a percentage of kills by friends in the entire game.
 D = Other kills in this place as a percentage of other kills in the entire game.
 E = Experience gained in this place as a percentage of experience gained in the entire game.
 F = Experience gained in this place divided by the number of levels of this place that you have seen.
                   A       B       C       D       E      F
               +-------+-------+-------+-------+-------+----------------------
         Total | 100.0 | 100.0 |   N/A |   N/A | 100.0 |  10.0
       Dungeon | 100.0 | 100.0 |   N/A |   N/A | 100.0 |  10.0
               +-------+-------+-------+-------+-------+----------------------
